 Dungeon Crawl Stone Soup version 0.31-a0-187-gba352fbbf7 (webtiles) character file.

Game seed: 18367937181074164549

269 qw the Skirmisher (level 6, 0/35 HPs)
             Began as a Deep Elf Hunter on June 22, 2023.
             Slain by a gnoll
             ... wielding a +0 club
              (5 damage)
             ... on level 3 of the Dungeon.
             The game lasted 00:00:48 (2085 turns).

qw the Skirmisher (Deep Elf Hunter)                 Turns: 2085, Time: 00:00:48

Health: 0/35       AC:  5    Str: 10    XL:     6   Next: 1%
Magic:  8/8        EV: 16    Int: 14    God:
Gold:   195        SH:  0    Dex: 18    Spells: 5/5 levels left

rFire   . . .        Y - +0 shortbow
rCold   + . .        (shield currently unavailable)
rNeg    . . .        g - +0 ring mail
rPois   .            (no helmet)
rElec   .            (no cloak)
rCorr   .            (no gloves)
SInv    .            (no boots)
Will    .....        c - amulet of the acrobat
Stlth   +            e - +5 ring of evasion
HPRegen 0.25/turn    m - ring of protection from cold
MPRegen 0.11/turn

%: acrobat
@: no status effects
A: no striking features
a: no special abilities


You were on level 3 of the Dungeon.
You visited 1 branch of the dungeon, and saw 3 of its levels.

You collected 195 gold pieces.


   Skills:
 + Level 1.8 Fighting
 - Level 9.5 Ranged Weapons
 - Level 2.4 Dodging
 - Level 1.2 Stealth


You had 5 spell levels left.
You didn't know any spells.
Your spell library was empty.

Inventory:

Hand Weapons
 Y - a +0 shortbow (weapon)
Armour
 g - a +0 ring mail (worn)
Jewellery
 c - an amulet of the acrobat (around neck)
 e - a +5 ring of evasion (left hand)
 m - a ring of protection from cold (right hand)
Scrolls
 a - a scroll of identify
 h - a scroll of teleportation {unknown}
Potions
 b - a potion of curing {unknown}
 d - 2 potions of lignification {unknown}
 f - a potion of might
 k - a potion of haste {unknown}

Dungeon Overview and Level Annotations

Branches:
Dungeon (3/15)

Altars:

Shops:
D:1 =


Message History

The gnoll shouts!
The arrow hits the gnoll.
The gnoll is moderately wounded.
The gnoll closely misses you.
You shoot an arrow.
The arrow hits the gnoll but does no damage.
The gnoll is moderately wounded.
The gnoll misses you. x2
The gnoll hits you with a +2 whip of holy wrath.
You shoot an arrow. The arrow barely misses the gnoll.
The gnoll hits you with a +0 whip.
A gnoll comes into view. It is wielding a +0 club.
The gnoll hits you with a +0 club. The gnoll barely misses you.
You shoot an arrow. The arrow hits the gnoll.
The gnoll is severely wounded.
The gnoll hits you but does no damage. The gnoll closely misses you.
The gnoll barely misses you.
You shoot an arrow. The arrow hits the gnoll.
The gnoll is almost dead.
The gnoll hits you with a +0 whip. The gnoll hits you with a +0 club.
The gnoll hits you with a +2 whip of holy wrath!
You shoot an arrow. The arrow closely misses the gnoll.
The gnoll hits you with a +0 whip. The gnoll completely misses you.
The gnoll barely misses you.
You shoot an arrow. The arrow hits the gnoll!
You kill the gnoll!
The gnoll closely misses you.
You have reached level 6!
You shoot an arrow. The arrow barely misses the gnoll.
The gnoll hits you with a +2 whip of holy wrath.
The gnoll barely misses you.
You shoot an arrow.
The arrow hits the gnoll but does no damage.
The gnoll hits you with a +0 club. The gnoll closely misses you.
The gnoll hits you with a +0 club. The gnoll hits you but does no damage.
The gnoll barely misses you.
The gnoll hits you with a +2 whip of holy wrath.
You shoot an arrow. The arrow barely misses the gnoll.
The gnoll closely misses you. The gnoll hits you with a +0 club.
You die...

#.# #.# #.# #.#
#.# #### #.# #..
#.# #.####g###
#.# #.....@g.#
#.# ######g#.#
#.# #.# # #.# #.#
#.#
#.#############.#
#.........).....#
#################


You could see 3 gnolls.

Vanquished Creatures
  Sigmund (D:3)
  A gnoll (D:3)
  3 adders
  4 dart slugs
  An orc (D:3)
  6 ball pythons
  7 bats
  8 endoplasms
  5 giant cockroaches
  4 goblins
  5 hobgoblins
  5 jackals (D:2)
  4 quokkas
  A frilled lizard (D:1)
  3 kobolds
  A rat (D:1)
59 creatures vanquished.

Notes
Turn   | Place    | Note
-------+----------+-------------------------------------------
     0 | D:1      | qw the Deep Elf Hunter began the quest for the Orb.
     0 | D:1      | Reached XP level 1. HP: 12/12 MP: 3/3
     0 | D:1      | 0 ||| qw: Version: 0.3-a-9-g12657ce
     0 | D:1      | 0 ||| qw: Game counter: 2020
     0 | D:1      | 0 ||| qw: Always use a shield: true
     0 | D:1      | 0 ||| qw: God list: Okawaru
     0 | D:1      | 0 ||| qw: Allow faded altars: false
     0 | D:1      | 0 ||| qw: Do Orc after D:15 true
     0 | D:1      | 0 ||| qw: Do second Lair branch before Depths: true
     0 | D:1      | 0 ||| qw: Lair rune preference: random
     0 | D:1      | 0 ||| qw: Plans: Normal
     0 | D:1      | 0 ||| PLANNING D:1-11
    51 | D:1      | Reached XP level 2. HP: 15/16 MP: 4/4
    61 | D:1      | Reached skill level 6 in Ranged Weapons
   157 | D:1      | Found Jopeimu's One-of-a-Kind Rings.
   173 | D:1      | 173 ||| SHOPLISTING +1 ring of protection (36 gold, have
                  | 27).
   173 | D:1      | 173 ||| SHOPLISTING +4 ring of strength (180 gold, have
                  | 27).
   173 | D:1      | 173 ||| SHOPLISTING +9 ring of dexterity (936 gold, have
                  | 27).
   173 | D:1      | 173 ||| SHOPLISTING ring "Riotava" {+Blink rC++ Will+
                  | Int+6} (877 gold, have 27).
   173 | D:1      | 173 ||| SHOPLISTING ring of Midnight {rElec rPois rF- rC+
                  | SInv} (484 gold, have 27).
   394 | D:1      | Reached XP level 3. HP: 20/20 MP: 5/5
   541 | D:1      | 541 ||| UPGRADING to +0 ring mail.
   551 | D:1      | 551 ||| DROPPING +0 leather armour.
   552 | D:1      | 552 ||| UPGRADING to +5 ring of evasion.
   553 | D:1      | 553 ||| UPGRADING to ring of protection from cold.
   554 | D:1      | 554 ||| READING 2 scrolls labelled JUDYERUIZE.
   555 | D:1      | 555 ||| READING scroll labelled XOHYCH YFFAGIM.
   556 | D:1      | 556 ||| READING scroll labelled FIAL SAFUPPURE.
   557 | D:1      | 557 ||| READING 3 scrolls labelled ITWAONN WITA.
   558 | D:1      | 558 ||| DRINKING 2 amethyst potions.
   559 | D:1      | 559 ||| DROPPING scroll of butterflies.
   560 | D:1      | 560 ||| DROPPING potion of attraction.
   561 | D:1      | 561 ||| DROPPING 2 scrolls of revelation.
   729 | D:2      | Reached skill level 7 in Ranged Weapons
  1452 | D:2      | 1452 ||| UPGRADING to amulet of the acrobat.
  1457 | D:2      | 1457 ||| READING scroll labelled JIANKI PIUF.
  1458 | D:2      | 1458 ||| DRINKING 2 blue potions.
  1596 | D:3      | Identified the +10 short sword of Pestilence {flame, *Noise
                  | +Blink rC+ Dex+5}
  1610 | D:3      | Reached XP level 4. HP: 25/25 MP: 6/6
  1672 | D:3      | 1672 ||| Stepping ~*~*~tactically~*~*~ (water).
  1841 | D:3      | Noticed Sigmund
  1860 | D:3      | Killed Sigmund
  1861 | D:3      | Reached skill level 9 in Ranged Weapons
  1861 | D:3      | Reached XP level 5. HP: 10/29 MP: 7/7
  2083 | D:3      | Reached XP level 6. HP: 19/35 MP: 8/8
  2084 | D:3      | HP: 5/35 [gnoll/+2 whip of holy wrath (4)]
  2085 | D:3      | Slain by a gnoll

Levels and vault maps discovered:
D:1:      pf_arrival_petrified_forest, layout_basic, nicolae_shop_unique_rings
D:2:      layout_basic, amcnicky_mini_rare_corridor_liquid, grunt_ministairs_2
D:3:      layout_basic, lemuel_crystal_altar, saegor_snake_ambush, uniq_sigmund

Skill      XL: |  1  2  3  4 |
---------------+-------------+-----
Ranged Weapons | 6 7 9 |  9.5
Fighting       | |  1.8
Dodging        | |  2.4
Stealth        | |  1.2

Action                     |  1- 3 |  4- 6 || total
---------------------------+-------+-------++-------
   Fire: Shortbow          |   124 |    59 ||   183
    Use: Scroll            |     5 |       ||     5
         Potion            |     2 |       ||     2
 Armour: Ring mail         |    11 |     5 ||    16
  Dodge: Dodged            |    56 |    31 ||    87

Table legend:
 A = Non-vault XP
 B = Vault XP
 C = Vault XP percentage of total XP
 D = Non-vault monster count
 E = Vault monster count
 F = Vault count percentage of total count
                 A         B        C        D         E       F
            +---------+---------+-------+---------+---------+-------
      Total |     143 |     242 |  62.9 |      55 |       4 |   6.8
            +---------+---------+-------+---------+---------+-------
        D:1 |      43 |       0 |   0.0 |      23 |       0 |   0.0
        D:2 |      46 |       2 |   4.2 |      18 |       2 |  10.0
        D:3 |      54 |     240 |  81.6 |      14 |       2 |  12.5
            +---------+---------+-------+---------+---------+-------
